 Dungeon Crawl Stone Soup version 0.20.1-1-g8b1a95d (webtiles) character file.

7 Linguinho the Stinger (level 2, -2/19 HPs)
             Began as a Formicid Venom Mage on Oct 31, 2017.
             Was an Initiate of Qazlal.
             Killed from afar by Sigmund (7 damage)
             ... with a magic dart
             ... on level 2 of the Dungeon.
             The game lasted 00:02:41 (279 turns).

Linguinho the Stinger (Formicid Venom Mage)          Turns: 279, Time: 00:02:41

Health: -2/19      AC:  2    Str: 12    XL:     2   Next: 10%
Magic:  0/5        EV: 12    Int: 14    God:    Qazlal [......]
Gold:   16         SH:  0    Dex: 11    Spells: 2/5 levels left

rFire    . . .     SeeInvis +   e - +0 club
rCold    . . .     Gourm    .   (no shield)
rNeg     . . .     Faith    .   a - +0 robe
rPois    .         Spirit   .   (helmet unavailable)
rElec    .         Reflect  .   (no cloak)
rCorr    .         Harm     .   (no gloves)
MR       .....                  (no boots)
Stlth    ++........             (no amulet)
Regen    0.1/turn               (no ring)
MPRegen  0.1/turn               (no ring)

@: no status effects
A: permanent stasis, dig shafts and tunnels, four strong arms, antennae 3
a: Dig, Shaft Self, Renounce Religion


You were on level 2 of the Dungeon.
You worshipped Qazlal.
Qazlal was noncommittal.
You were not hungry.

You visited 1 branch of the dungeon, and saw 2 of its levels.

You collected 16 gold pieces.

Inventory:

Hand Weapons
 e - a +0 club (weapon)
Armour
 a - a +0 robe (worn)
Scrolls
 g - a scroll of fog {unknown}
Potions
 d - a potion of lignification {unknown}
Books
 b - a Young Poisoner's Handbook

   Spells                             Type                      Level
   a - Sting                          Conjuration/Poison           1
   b - Poisonous Vapours              Poison/Air                   2
   c - Mephitic Cloud                 Conjuration/Poison/Air       3
   d - Olgreb's Toxic Radiance        Poison                       4
   e - Venom Bolt                     Conjuration/Poison           5
Comestibles
 c - a bread ration
 f - a royal jelly


   Skills:
 + Level 2.0 Dodging
 + Level 2.5 Stealth
 + Level 2.3 Spellcasting
 + Level 1.0 Conjurations
 + Level 4.2 Poison Magic


You had 2 spell levels left.
You knew the following spells:

 Your Spells              Type           Power        Failure   Level  Hunger
a - Sting                 Conj/Pois      #...         8%          1    #......
b - Poisonous Vapours     Pois/Air       #.....       14%         2    ###....


Dungeon Overview and Level Annotations

Branches:
Dungeon (1/15)

Altars:
Qazlal

Annotations:
D:2 Sigmund


Innate Abilities, Weirdness & Mutations

You cannot be hasted, slowed, berserked, paralysed or teleported.
You can dig through walls and to a lower floor.
Your four strong arms can wield two-handed weapons with a shield.
You have a pair of large antennae on your head. (SInv)


Message History

The puff of flame hits you!
* * * LOW HITPOINT WARNING * * *
You're too confused to cast spells.
You're too confused!
Unknown command.
You're too confused!
You're too confused to cast spells.
You're too confused!
You bump into the rock wall.
You feel less confused.
Sigmund says, "Now you see me, now you don't..."
Casting: Sting
Confirm with . or Enter, or press ? or * to list all spells.
Aiming: Sting
Press: ? - help, Shift-Dir - straight line, f/p - Sigmund
Aim: Sigmund, wielding a scythe and wearing an embroidered robe (almost dead, poisoned)
The sting misses Sigmund.
Sigmund looks more healthy.
Sigmund casts a spell at you. The magic dart hits you!
You die...

..#####.#.#####
..........@...#
#.###########.#
#.###### #)#
..(....# #.#
.......# ##†##
.......# ##..@## #
.......####.....##.#
................@..#
.........##.....####
.........###...##
##............##
.#.##.##.######
.#.##.##.#
.........#
##.##.#### ......#


You could see Sigmund.

Vanquished Creatures
  A giant cockroach (D:1)
  A hobgoblin (D:1)
  2 kobolds
  A bat (D:2)
  3 rats (D:1)
8 creatures vanquished.

Notes
Turn   | Place    | Note
-------+----------+-------------------------------------------
     0 | D:1      | Linguinho the Formicid Venom Mage began the quest for the Orb.
     0 | D:1      | Reached XP level 1. HP: 13/13 MP: 3/3
   111 | D:1      | Reached XP level 2. HP: 10/19 MP: 0/5
   115 | D:1      | Learned a level 2 spell: Poisonous Vapours
   118 | D:1      | You fall through a shaft!
   199 | D:2      | Found a stormy altar of Qazlal.
   207 | D:2      | Became a worshipper of Qazlal Stormbringer
   247 | D:2      | Reached skill level 1 in Conjurations
   257 | D:2      | Noticed Sigmund
   279 | D:2      | Killed from afar by Sigmund

Skill      XL: |  1  2 |
---------------+-------+-----
Dodging        | 2 |  2.0
Conjurations   | 1 |  1.0
Stealth        | |  2.5
Spellcasting   | |  2.3
Poison Magic   | |  4.2

Action                   || total
-------------------------++-------
Melee: Unarmed           ||     7
       Club              ||     1
 Cast: Sting             ||    16
       Poisonous Vapours ||     1
 Abil: Shaft Self        ||     1
Dodge: Dodged            ||    10
